Map: New Repugnancy LE

Players

Lambo - Winner!

  • Race: Zerg Zerg
  • League: Master
  • Spawn Location: 1:00

Mantis

  • Race: Zerg Zerg
  • League: Master
  • Spawn Location: 7:00

VOD

Have the link to the VOD?

Description

Time

  • Played on: Jan. 23, 2019, 1:03 p.m.
  • Length: 5:59
Show
View Real Time Build Order
Export as new Build Order

Lambo Zerg - Winner!

Build Orders: Hatch First 

Get SALT Encoding   

  12  0:01  Drone  
  13  0:14  Overlord  
  13  0:18  Drone  
  14  0:33  Drone x2  
  16  0:51  Hatchery  
  16  0:53  Drone  
  16  0:56  Drone  
  17  1:00  Drone  
  18  1:12  Extractor  
  18  1:15  Spawning Pool  
  16  1:20  Drone  
  16  1:22  Drone  
  18  1:29  Drone  
  19  1:40  Drone  
  20  1:53  Overlord  
  20  2:03  Queen x2  
  20  2:05  Zergling x4  
  26  2:12  Metabolic Boost  
  26  2:14  Zergling x2  
  27  2:17  Drone  
  28  2:24  Drone  
  28  2:28  Drone  
  30  2:33  Baneling Nest  
  30  2:35  Drone  
  30  2:39  Drone  
  31  2:54  Drone  
  31  2:57  Hatchery  
  30  3:00  Zergling x2  
  30  3:03  Drone  
  32  3:06  Overlord  
  32  3:09  Drone  
  32  3:10  Drone  
  34  3:18  Baneling x3, Zergling x2  
  35  3:24  Baneling  
  35  3:26  Zergling x8  
  39  3:30  Zergling x2  
  40  3:35  Drone x2  
  40  3:38  Overlord  
  42  3:52  Overlord  
  42  3:56  Hatchery  
  42  4:01  Drone x2  
  43  4:07  Drone  
  43  4:10  Drone x2  
  43  4:14  Baneling x2  
  43  4:16  Drone x3  
  47  4:18  Drone x4  
  51  4:24  Drone  
  51  4:30  Zergling x2  
  51  4:32  Overlord  
  51  4:38  Extractor  
  49  4:39  Overlord  
  49  4:41  Extractor  
  49  4:42  Roach Warren, Overlord  
  49  4:44  Zergling x2  
  48  4:48  Zergling x6  
  48  4:50  Zergling x2  
  48  4:51  Zergling x2  
  52  5:03  Zergling x2  
  52  5:04  Zergling x6  
  54  5:07  Baneling  
  54  5:08  Baneling x2  
  54  5:24  Roach x8  
  73  5:28  Roach x2  
  73  5:32  Roach  
  75  5:37  Roach x2  
Show
View Real Time Build Order
Export as new Build Order

Mantis Zerg 

Build Orders: Pool First 

Get SALT Encoding   

  12  0:03  Drone  
  13  0:13  Overlord  
  13  0:19  Drone  
  14  0:32  Drone x2  
  16  0:40  Drone  
  17  0:45  Extractor  
  17  0:48  Drone  
  17  0:54  Spawning Pool  
  16  0:58  Drone  
  17  1:08  Drone  
  18  1:22  Hatchery  
  17  1:41  Queen, Zergling x4  
  21  1:49  Metabolic Boost  
  21  1:54  Overlord  
  21  2:14  Drone  
  22  2:17  Drone x2, Queen  
  26  2:26  Drone  
  27  2:33  Queen  
  27  2:34  Drone  
  30  2:50  Zergling x2  
  30  2:51  Zergling x8  
  35  2:56  Overlord  
  35  2:59  Baneling Nest  
  34  3:15  Drone x4  
  34  3:19  Drone  
  39  3:25  Drone x3  
  42  3:27  Drone  
  43  3:44  Zergling x2  
  43  3:51  Baneling x4  
  43  3:58  Hatchery  
  42  4:09  Zergling x8  
  43  4:15  Zergling x2  
  44  4:24  Zergling x2  
  44  4:29  Baneling x2  
  44  4:30  Drone x2  
  43  4:33  Overlord  
  43  4:36  Extractor  
  38  4:44  Zergling x14  
  43  4:50  Queen  
  43  4:52  Baneling  
  45  4:57  Drone x6  
  47  5:10  Zergling x6  
  47  5:11  Baneling x2  
  49  5:29  Baneling x2  
  49  5:31  Baneling  
  44  5:52  Roach Warren, Extractor  
Tags
 
Add a new tag
Caveats
  • Supply blocks, unpowered buildings, or Contaminate may cause inaccurate times.
  • Supply counts are checked every 10 seconds.